AoeStats
← trashmiscellaneous

Arena

506142520Analyzed
1v1 RM · 18d ago on Sep 12, 2026· 40m 2s· 2 players
Game mode
Random Map
Map size
Tiny (2 player)
Population
200
Speed
Normal
Resources
Standard
Victory
Conquest
Starting age
Dark Age
Ending age
Imperial Age
RankedLock teamsTeams togetherTeam positionsShared explorationLock speedFull tech treeHidden civsTurbo modeCheats
Victory
Defeat
🇨🇱 Byzantines · Chile
661
+14
🇦🇺 Franks · Australia
623
-27
gabhiso
9:05 Feudal Age
9:34 Double-Bit Axe
9:31 Horse Collar
13:24 Gold Mining
19:33 Castle Age
20:38 Bow Saw
20:30 Heavy Plow
21:24 Wheelbarrow
20:37 Loom
24:24 Hand Cart
24:07 Stone Mining
25:00 Gold Shaft Mining
25:26 Stone Shaft Mining
29:16 Imperial Age
26:34 Treadmill Crane
27:15 Ballistics
28:09 Fletching
28:19 Padded Archer Armor
29:05 Elite Skirmisher
31:15 Thumb Ring
31:07 Bodkin Arrow
31:28 Leather Archer Armor
32:27 Conscription
34:24 Chemistry
34:40 Logistica
34:39 Bracer
35:06 Leather Archer Armor
36:42 Two-Man Saw
36:21 Elite Cataphract
37:43 Ring Archer Armor
39:17 Husbandry
trashmiscellaneous
10:20 Feudal Age
12:54 Gold Mining
18:22 Castle Age
16:37 Arson
17:15 Double-Bit Axe
18:33 Stone Mining
19:44 Wheelbarrow
19:38 Bow Saw
20:33 Gold Mining
21:44 Hand Cart
22:51 Masonry
27:00 Town Watch
29:44 Murder Holes
31:46 Town Patrol
36:02 Imperial Age
34:26 Gold Shaft Mining
34:51 Fortified Wall
35:02 Ballistics
35:34 Squires
34:54 Pikeman
36:40 #83
37:55 Hoardings
38:33 Halberdier
40:09 Conscription
Connection lost

Rejoining the realm…

Still unreachable

The connection could not be restored.

Session expired

The server has moved on; the page needs a fresh start.